 Dungeon Crawl Stone Soup version 0.27-a0-1442-g87b6fcb595 (webtiles) character file.

Game seed: 17661795665060596798

156 Gwenloh the Grasshopper (level 5, -9/25 HPs)
             Began as a Spriggan Warper on July 5, 2021.
             Killed by divine providence
             ... invoked by an orc priest
              (14 damage)
             ... on level 3 of the Dungeon.
             The game lasted 00:13:17 (5623 turns).

Gwenloh the Grasshopper (Spriggan Warper)           Turns: 5623, Time: 00:13:18

Health: -9/25      AC:  2    Str:  7    XL:     5   Next: 15%
Magic:  9/11       EV: 18    Int: 14    God:
Gold:   160        SH:  0    Dex: 16    Spells: 9/11 levels left

rFire    . . .     SeeInvis +   m - +3 short sword (speed)
rCold    . . .     Faith    .   (shield restricted)
rNeg     . . .     Spirit   .   b - +0 robe
rPois    .         Reflect  .   (helmet restricted)
rElec    .         Harm     .   (no cloak)
rCorr    .         Rampage  .   (gloves unavailable)
Will     .....                  (boots unavailable)
Stlth    ++........             (no amulet)
HPRegen  0.08/turn              (no ring)
MPRegen  0.12/turn              (no ring)

@: very quick
A: very small, no large weapons, unfitting armour, see invisible, speed 3
a: no special abilities


You were on level 3 of the Dungeon.
You visited 1 branch of the dungeon, and saw 3 of its levels.

You collected 160 gold pieces.

Inventory:

Hand Weapons
 m - a +3 short sword of speed (weapon)
Missiles
 d - 5 boomerangs of dispersal
 j - 47 stones (quivered)
Armour
 b - a +0 robe (worn)
Wands
 k - a wand of polymorph (9)
Scrolls
 c - 2 scrolls of blinking
 e - 2 scrolls of noise {unknown}
 f - a scroll of silence {unknown}
 h - 3 scrolls of identify {unknown}
 i - a scroll of fear {unknown}
 l - a scroll of teleportation {unknown}
Potions
 a - a potion of resistance {unknown}
 g - a potion of flight {unknown}
 n - a potion of curing {unknown}
 o - a potion of lignification {unknown}


   Skills:
 - Level 1.5 Fighting
 + Level 3.3 Short Blades
 - Level 1.0 Throwing
 + Level 4.3 Dodging
 + Level 3.3 Stealth
 + Level 3.7 Spellcasting
 + Level 5.4 Translocations


You had 9 spell levels left.
You knew the following spells:

 Your Spells              Type           Power      Damage    Failure   Level
a - Blink                 Tloc           N/A        N/A       3%          2

Your spell library contained the following spells:

 Spells                   Type           Power      Damage    Failure   Level
 Gell's Gravitas          Tloc           8%         N/A       6%          3
 Lesser Beckoning         Tloc           8%         N/A       6%          3
 Teleport Other           Tloc           17%        N/A       6%          3
 Corpse Rot               Necr/Air       N/A        N/A       30%         2
 Static Discharge         Conj/Air       2%         N/A       30%         2
 Manifold Assault         Tloc           17%        N/A       52%         5
 Dispel Undead            Necr           2%         3d7       89%         4
 Sticky Flame             Conj/Fire      2%         2d3       89%         4
 Death Channel            Necr           1%         N/A       100%        6
 Storm Form               Tmut/Air       1%         N/A       100%        7


Dungeon Overview and Level Annotations

Branches:
Dungeon (3/15)

Altars:
Ashenzari
Ru

Shops:
D:2 ?


Innate Abilities, Weirdness & Mutations

You are very small and have problems with some larger weapons.
You are too small for most types of armour.
You have supernaturally acute eyesight. (SInv)
You cover ground extremely quickly. (Speed+++)


Message History

The adder barely misses you.
You hit the adder but do no damage.
The adder is almost dead.
The adder completely misses you.
You hit the adder.
You kill the adder!
j - 46 stones (gained 1)
Things that are here:
a +0 dagger; a kobold corpse
j - 47 stones (gained 1);
c - 2 scrolls of blinking (gained 1)
Found an escape hatch in the ceiling.
An orc priest is nearby!
You start waiting.
An orc priest is nearby!
The orc shouts!
You hit the orc priest.
The orc priest is lightly wounded.
You completely miss the orc priest.
The orc priest is lightly wounded.
The orc priest barely misses you.
You hit the orc priest but do no damage.
The orc priest is lightly wounded.
You hit the orc priest.
The orc priest is heavily wounded.
The orc priest hits you with a +0 club.
You closely miss the orc priest.
The orc priest is heavily wounded.
The orc priest invokes the aid of Beogh against you.
Beogh smites you!
Ouch! That really hurt!
* * * LOW HITPOINT WARNING * * *
You hit the orc priest.
The orc priest is heavily wounded.
Casting: Blink (safe; 3% risk of failure)
Confirm with . or Enter, or press ? or * to list all spells.
You blink.
The orc priest invokes the aid of Beogh against you.
Beogh smites you!
Ouch! That really hurt!
You die...

### ###..................#
....#.......o............#
....#.#.....o......#.##..#
......#..(o.#####.........
.......o##(.. ............
....#....# ##........... .
#..o.# ###.....####...
#....###......# #...
#....@...#...#######.#
#.....#..#..##.#.#.#.#
#....###..............
#....##....#.#.......#
#....##..<##.....>..).
##############.......#
#......... ##.......#
#.........


You could see an orc priest and an orc.

Vanquished Creatures
  A water moccasin zombie (D:3)
  A hound skeleton (D:3)
  3 adders
  2 orcs
  3 endoplasms (D:1)
  4 giant cockroaches
  8 goblins
  4 hobgoblins
  4 quokkas
  6 ball pythons
  5 bats
  4 frilled lizards
  7 kobolds
  A rat (D:1)
53 creatures vanquished.

Vanquished Creatures (others)
  A plant (D:3)
1 creature vanquished.

Grand Total: 54 creatures vanquished

Notes
Turn   | Place    | Note
-------+----------+-------------------------------------------
     0 | D:1      | Gwenloh the Spriggan Warper began the quest for the Orb.
     0 | D:1      | Reached XP level 1. HP: 10/10 MP: 5/5
   339 | D:1      | Reached skill level 1 in Stealth
   593 | D:1      | Reached XP level 2. HP: 9/14 MP: 6/6
   596 | D:1      | Learned a level 2 spell: Blink
  2406 | D:2      | Found Huotuk's Magic Scroll Shoppe.
  3084 | D:2      | Reached XP level 3. HP: 9/18 MP: 8/8
  4468 | D:3      | Reached skill level 5 in Translocations
  4511 | D:3      | Found a broken altar of Ashenzari.
  4539 | D:2      | Reached XP level 4. HP: 22/22 MP: 10/10
  5062 | D:3      | Reached XP level 5. HP: 21/25 MP: 11/11
  5135 | D:3      | Found a sacrificial altar of Ru.
  5623 | D:3      | Killed from afar by an orc priest

Illustrated notes

Levels and vault maps discovered:
D:1:      saegor_arrival_simple_a, layout_loops_cross, minmay_pentomino_w2
D:2:      layout_rooms, serial_shops, nicolae_shop_trees, grunt_ministairs_10
D:3:      layout_rooms, amcnicky_altar_gilded, general_overflow_altar,
          st_stairs_4, serial_bayou_crossing

Skill      XL: |  1  2  3  4 |
---------------+-------------+-----
Stealth        | 1 2 3 |  3.3
Spellcasting   | 3 |  3.7
Translocations | 5 |  5.4
Short Blades   | 3 |  3.3
Dodging        | 4 |  4.3
Fighting       | |  1.5
Throwing       | |  1.0

Action                   |  1- 3 |  4- 6 || total
-------------------------+-------+-------++-------
Melee: Dagger            |   287 |       ||   287
       Short sword       |    41 |    60 ||   101
Throw: Stone             |    24 |     4 ||    28
 Cast: Blink             |       |     1 ||     1
 Stab: Sleeping          |     6 |       ||     6
Armor: Robe              |    33 |     2 ||    35
Dodge: Dodged            |   265 |    32 ||   297

Table legend: (Time is in decaauts)
 A = Elapsed time spent in this place.
 B = Non-inter-level travel time spent in this place.
 C = Inter-level travel time spent in this place.
 D = Time resting spent in this place.
 E = Time spent auto-exploring this place.
 F = Levels seen in this place.
 G = Mean time per level.
                   A        B        C        D        E       F      G
               +--------+--------+--------+--------+--------+-----+--------+
         Total |   4783 |   4699 |     84 |   2812 |   1011 |   3 | 1594.3 |
       Dungeon |   4783 |   4699 |     84 |   2812 |   1011 |   3 | 1594.3 |
               +--------+--------+--------+--------+--------+-----+--------+

Top non-repeatable levels by time:
     D:1: 2439 daAuts
     D:2: 1751 daAuts
     D:3: 592 daAuts
